 Dungeon Crawl Stone Soup version 0.23.1-44-gbd83930989 (webtiles) character file.

Game seed: 15236530031068069289

46 PentaManta the Ducker (level 3, -2/26 HPs)
             Began as an Octopode Fighter on Mar 30, 2019.
             Slain by Robin
             ... wielding a +0 spear
              (5 damage)
             ... on level 2 of the Dungeon.
             The game lasted 00:02:48 (1503 turns).

PentaManta the Ducker (Octopode Fighter)            Turns: 1503, Time: 00:02:48

Health: -2/26      AC:  1    Str: 15    XL:     3   Next: 66%
Magic:  3/3        EV: 12    Int: 10    God:
Gold:   15         SH:  8    Dex: 12    Spells: 2/2 levels left

rFire    . . .     SeeInvis .   a - +0 long sword
rCold    . . .     Gourm    .   b - +0 shield
rNeg     . . .     Faith    .   (helmet restricted)
rPois    .         Spirit   .   (no amulet)
rElec    .         Reflect  .   (no ring)
rCorr    .         Harm     .   (no ring)
MR       .....                  (no ring)
Stlth    +++.......             (no ring)
HPRegen  0.08/turn              (no ring)
MPRegen  0.08/turn              (no ring)
                                (no ring)
                                (no ring)

@: no status effects
A: almost no armour, stealthy swim, amphibious, 8 rings, constrict 8, camouflage
1, gelatinous body 1
a: no special abilities


You were on level 2 of the Dungeon.
You were hungry.

You visited 1 branch of the dungeon, and saw 2 of its levels.

You collected 15 gold pieces.

Inventory:

Hand Weapons
 a - a +0 long sword (weapon)
Armour
 b - a +0 shield (worn)
Jewellery
 e - an uncursed ring of magical power {unknown}
Scrolls
 f - a scroll of random uselessness {unknown}
 g - 2 scrolls of enchant weapon {unknown}
 h - 3 scrolls of identify {unknown}
 i - a scroll of teleportation {unknown}
 k - a scroll of remove curse {unknown}
 l - a scroll of noise {unknown}
Potions
 c - a potion of might
 j - a potion of magic {unknown}
 m - a potion of brilliance {unknown}
Comestibles
 d - 2 rations


   Skills:
 - Level 3.0 Fighting
 * Level 3.1 Long Blades
 + Level 3.3 Dodging
 + Level 2.0 Stealth
 - Level 3.0 Shields


You had 2 spell levels left.
You didn't know any spells.
Your spell library was empty.

Dungeon Overview and Level Annotations

Branches:
Dungeon (2/15)

Altars:

Annotations:
D:2 Robin


Innate Abilities, Weirdness & Mutations

You cannot wear most types of armour.
You are very stealthy in the water. (Stealth+)
You are amphibious.
You can wear up to eight rings at the same time.
You can use your tentacles to constrict eight enemies at once.
Your skin changes colour to match your surroundings (Stealth+).
Your rubbery body absorbs attacks. (AC +1, EV +1)


Message History

You grab the goblin. You squeeze the goblin.
You kill the goblin!
You release your grip on the goblin.
You block Robin's attack.
Items here: )))) † a +0 dagger x2; a cursed -2 club; a +0 club; a goblin corpse You hit Robin but do no damage.
You grab Robin. You constrict Robin. Robin hits you with a +0 spear.
You block the goblin's attack.
You hit Robin but do no damage.
Robin is lightly wounded.
You constrict Robin. Robin hits you with a +0 spear!
* * * LOW HITPOINT WARNING * * *
The goblin misses you.
You riposte.
You closely miss the goblin. You grab the goblin.
The goblin is heavily wounded.
You hit Robin.
Robin is heavily wounded.
You constrict Robin. You constrict the goblin.
You kill the goblin!
Robin hits you with a +0 spear.
You die...

####''### ##≈≈≈..≈≈ ########
##≈≈......≈ #......#
##≈≈...♣♣... #.####.#
##≈≈....♣♣... #.####.####
##≈≈.....♣♣... #.##......#
#≈≈......♣♣... #.##.#.##.#
######≈......♣♣ ♣.. #.........#
#)@g.#≈.....♣.♣ ♣.
#......#..###)##.'..♣♣♣♣♣♣♣
##.#.###....).##.†..♣♣♣♣♣♣♣♣♣♣♣
#.#..##.#########≈.....♣.♣♣.♣.
#.##.#........ #≈......♣♣♣♣..
#.##.#.......# #≈≈......♣♣...
#.(..........# ##≈≈.g...♣♣..g
#######.#...#...# ##≈≈....♣♣g..
................# #
##≈≈...♣♣...


You could see Robin.

Vanquished Creatures
  An adder (D:2)
  A dart slug (D:2)
  A leopard gecko (D:1)
  2 bats
  A giant cockroach (D:1)
  7 hobgoblins
  2 jackals (D:1)
  2 ball pythons
  2 frilled lizards (D:1)
  10 goblins (D:2)
  A kobold (D:1)
  A rat (D:1)
31 creatures vanquished.

Notes
Turn   | Place    | Note
-------+----------+-------------------------------------------
     0 | D:1      | PentaManta the Octopode Fighter began the quest for the
                  | Orb.
     0 | D:1      | Reached XP level 1. HP: 16/16 MP: 1/1
   273 | D:1      | Reached XP level 2. HP: 17/21 MP: 2/2
   276 | D:1      | Reached skill level 1 in Stealth
   849 | D:2      | Found a faded altar of an unknown god.
  1019 | D:2      | Reached XP level 3. HP: 13/26 MP: 3/3
  1279 | D:2      | Noticed Robin
  1503 | D:2      | Slain by Robin

Skill      XL: |  1  2  3 |
---------------+----------+-----
Stealth        | 1 2 |  2.0
Long Blades    | 3 |  3.1
Fighting       | |  3.0
Dodging        | |  3.3
Shields        | |  3.0

Action                   || total
-------------------------++-------
Melee: Long sword        ||    62
       Constrict         ||    23
       Tentacles         ||     9
 Stab: Sleeping          ||     3
  Eat: Chunk             ||     1
Armor: Skin              ||     3
Dodge: Dodged            ||    26
Block: Shield            ||    33
       Rpst.: Long sword ||     9
